 Dungeon Crawl Stone Soup version 0.17.0-24-gcfadda4 (console) character file.

256 gw the Cudgeler (level 5, -8/49 HPs)
             Began as a Deep Dwarf Gladiator on Nov 18, 2015.
             Mangled by a troll (11 damage)
             ... on level 6 of the Dungeon.
             The game lasted 00:00:37 (439 turns).

gw the Cudgeler (Deep Dwarf Gladiator)               Turns: 439, Time: 00:00:37

Health: -8/49      AC:  6    Str: 18    XL:     5   Next: 92%
Magic:  6/6        EV: 12    Int:  9    God:
Gold:   71         SH:  0    Dex: 14    Spells: 0 memorised, 4 levels left

rFire  . . .     SeeInvis .     a - +0 flail
rCold  . . .     Clarity  .     i - +0 ring mail
rNeg   . . .     SustAt   .     (no shield)
rPois  .         Gourm    .     c - +0 helmet
rElec  .         Spirit   .     (no cloak)
rCorr  .         Warding  .     (no gloves)
rMut   .         Stasis   .     (no boots)
MR     +....                    (no amulet)
Stlth  +.........               (no ring)
                                k - ring of protection from magic

@: non-regenerating, somewhat resistant to hostile enchantments, very unstealthy
A: damage resistance, recharge devices, sense surroundings 1, slow regeneration
3
a: Device Recharging


You were on level 6 of the Dungeon.
You were not hungry.

You visited 1 branch of the dungeon, and saw 6 of its levels.

You collected 71 gold pieces.

Inventory:

Hand Weapons
 a - a +0 flail (weapon)
Missiles
 d - 3 throwing nets
Armour
 c - a +0 helmet (worn)
 i - a +0 ring mail (worn)
Jewellery
 k - a ring of protection from magic (left hand)
Wands
 e - a wand of heal wounds (0)
Scrolls
 b - a scroll of identify {unknown}
 g - a scroll of teleportation {unknown}
Potions
 h - a potion of poison {unknown}
 j - a potion of mutation {unknown}
Comestibles
 f - 2 bread rations


   Skills:
 + Level 3.0 Fighting
 * Level 5.0 Maces & Flails
 - Level 1.7 Throwing
 + Level 2.9 Armour
 - Level 3.2 Dodging
 - Level 2.1 Evocations


You had 4 spell levels left.
You didn't know any spells.

Dungeon Overview and Level Annotations

Branches:
Dungeon (6/15)
 Temple: D:4-7

Altars:

Annotations:
D:4 Eustachio


Innate Abilities, Weirdness & Mutations

You are resistant to damage.
You can recharge devices by infusing magical energy.
You passively map a small area around you.
You do not regenerate naturally.


Message History

The troll is heavily wounded.
The troll bites you. The troll claws you. The troll barely misses you.
ATTACKING (-1,1)
You thump the troll!
The troll is severely wounded.
The troll bites you! The troll claws you but does no damage.
The troll claws you but does no damage.
Evoke which item? (* to show all) (? for menu, Esc to quit)
Zapping:
e - a wand of heal wounds (1)
Press: ? - help, Shift-Dir - straight line, f - you You feel much better.
This wand has 0 charges left.
The troll closely misses you. The troll claws you but does no damage.
The troll closely misses you.
ATTACKING (-1,1)
You hit the troll but do no damage.
The troll is heavily wounded.
The troll bites you. The troll barely misses you. The troll claws you!
The troll bites you! The troll claws you! The troll claws you!
You fail to use your ability.
The troll bites you. The troll claws you!
You die...

,#.# , ,#.# #.
#.# , *###*#.#
#.# * , ...#.#
#.# ,
#####.#.# #<#
, ........,#.#
*
###...#.###.#
.....#..g#.#
,*#..#.T##.#
.#.##........#
.........#####
........##
*#########


You could see a troll.

Table legend:
 A = Turns spent in this place as a percentage of turns spent in the entire game.
 B = Non-inter-level travel turns spent in this place as a percentage of non-inter-level travel turns spent in the entire game.
 C = Inter-level travel turns spent in this place as a percentage of turns spent in this place.
 D = Turns resting spent in this place as a percentage of non-inter-level travel turns spent in this place.
 E = Turns spent auto-exploring this place as a percentage of non-inter-level travel turns spent in this place.
 F = Non-inter-level travel turns spent in this place divided by the number of levels of this place that you've seen.
                   A       B       C       D       E      F
               +-------+-------+-------+-------+-------+----------------------
         Total | 100.0 | 100.0 |   5.1 |   0.0 |   2.2 | 188.0
       Dungeon | 100.0 | 100.0 |   5.1 |   0.0 |   2.2 | 188.0
               +-------+-------+-------+-------+-------+----------------------

Table legend:
 A = Kills in this place as a percentage of kills in entire the game.
 B = Kills by you in this place as a percentage of kills by you in the entire game.
 C = Kills by friends in this place as a percentage of kills by friends in the entire game.
 D = Other kills in this place as a percentage of other kills in the entire game.
 E = Experience gained in this place as a percentage of experience gained in the entire game.
 F = Experience gained in this place divided by the number of levels of this place that you have seen.
                   A       B       C       D       E      F
               +-------+-------+-------+-------+-------+----------------------
         Total | 100.0 | 100.0 |  -nan |  -nan | 100.0 |  61.2
       Dungeon | 100.0 | 100.0 |  -nan |  -nan | 100.0 |  61.2
               +-------+-------+-------+-------+-------+----------------------

Vanquished Creatures
  An ogre (D:4)
  A giant frog (D:6)
  An orc wizard (D:5)
  An orc priest (D:4)
  A hound skeleton (D:6)
  2 adders
  An adder skeleton (D:4)
  A giant gecko (D:4)
  6 orcs
  A bat (D:3)
  A giant cockroach (D:4)
17 creatures vanquished.

Notes
Turn   | Place    | Note
--------------------------------------------------------------
     0 | D:1      | gw the Deep Dwarf Gladiator began the quest for the Orb.
     0 | D:1      | Reached XP level 1. HP: 19/19 MP: 1/1
   157 | D:4      | Reached XP level 2. HP: 26/26 MP: 2/2
   175 | D:4      | Noticed Eustachio
   177 | D:4      | Noticed an orc priest
   180 | D:4      | Noticed an ogre
   199 | D:4      | Killed an orc priest
   199 | D:4      | Reached skill level 1 in Armour
   199 | D:4      | Reached skill level 1 in Evocations
   199 | D:4      | Reached XP level 3. HP: 24/32 MP: 3/3
   225 | D:4      | Killed an ogre
   225 | D:4      | Reached skill level 4 in Maces & Flails
   225 | D:4      | Reached XP level 4. HP: 38/40 MP: 3/5
   256 | D:5      | Entered Level 5 of the Dungeon
   350 | D:5      | Reached XP level 5. HP: 34/46 MP: 6/6
   418 | D:6      | Noticed a troll
   427 | D:6      | Reached skill level 5 in Maces & Flails
   439 | D:6      | Mangled by a troll

Action                   |  1- 3 |  4- 6 || total
-------------------------+-------+-------++-------
Melee: Flail             |    57 |    45 ||   102
Evoke: Wand              |     2 |     3 ||     5

Vault maps used:
D:1:      lordsloth_arrival_two_stooges, hangedman_decor_points
D:2:      wad_lake_hut, nicolae_ru_the_path_less_chosen, dk_yredelemnul_ordeal,
          uniq_iyjb
D:4:      first_bread, uniq_eustachio
D:5:      overflow_temple_1_default, minmay_temple_entry_junction2,
          minivault_26, kennysheep_small_spiral
D:6:      kennysheep_mini_moat, kennysheep_mini, serial_shops, shop
